 Dungeon Crawl Stone Soup version 0.16.2-12-gd0ad4c3 (webtiles) character file.

68 dvd the Insei (level 4, 0/28 HPs)
             Began as an Octopode Transmuter on Oct 31, 2015.
             Slain by an adder (4 damage)
             ... on level 2 of the Dungeon.
             The game lasted 00:08:56 (1928 turns).

dvd the Insei (Octopode Transmuter)                 Turns: 1928, Time: 00:08:58

Health: 0/28       AC:  1    Str:  9    XL:     4   Next: 19%
Magic:  4/8        EV: 12    Int: 15    God:
Gold:   51         SH:  0    Dex: 13    Spells: 2 memorised, 5 levels left

rFire  . . .     SeeInvis .       - Unarmed
rCold  . . .     Clarity  .     (no shield)
rNeg   . . .     SustAb   .     (helmet restricted)
rPois  .         Gourm    .     (no amulet)
rElec  .         Spirit   .     (no ring)
rCorr  .         Warding  .     (no ring)
rMut   .         Stasis   .     (no ring)
MR     .....                    (no ring)
Stlth  +++.......               (no ring)
                                (no ring)
                                (no ring)
                                (no ring)

@: lethally poisoned (0 -> -6), appendage, not resistant to hostile
enchantments, fairly stealthy
A: almost no armour, amphibious, 8 rings, constrict 8, tentacle spike 3,
camouflage 1, gelatinous body 1
a: End Transformation


You were on level 2 of the Dungeon.
You were not hungry.
One of your tentacles had a temporary spike.
You visited 1 branch of the dungeon, and saw 2 of its levels.

You collected 51 gold pieces.

Inventory:

Hand weapons
 g - a +0 spear
Missiles
 b - 7 arrows
Scrolls
 c - a scroll of remove curse {unknown}
 e - a scroll of random uselessness {unknown}
 f - 2 scrolls of enchant armour {unknown}
 h - a scroll of identify {unknown}
 i - a scroll of fog {unknown}
 j - 2 scrolls of teleportation {unknown}
 k - 2 scrolls of immolation {unknown}
Potions
 a - a potion of ambrosia {unknown}
 m - a potion of curing {unknown}
Books
 d - a book of Changes

   Spells                             Type                      Level
   a - Beastly Appendage              Transmutation                1
   b - Sticks to Snakes               Transmutation                2
   c - Spider Form                    Transmutation/Poison         3
   d - Ice Form                       Ice/Transmutation            4
   e - Blade Hands                    Transmutation                5
Comestibles
 l - a meat ration


   Skills:
 + Level 1.1 Fighting
 + Level 2.4 Dodging
 + Level 1.3 Stealth
 + Level 3.7 Unarmed Combat
 + Level 2.6 Spellcasting
 + Level 2.3 Transmutations


You had 5 spell levels left.
You knew the following spells:

 Your Spells              Type           Power        Failure   Level  Hunger
a - Beastly Appendage     Trmt           #.....       10%         1    #......
b - Sticks to Snakes      Trmt           #.........   12%         2    ##.....


Dungeon Overview and Level Annotations

Branches:
Dungeon (2/15)

Altars:


Innate Abilities, Weirdness & Mutations

You cannot wear most types of armour.
You are amphibious.
You can wear up to eight rings at the same time.
You can use your tentacles to constrict many enemies at once.
Your skin changes colour to match your surroundings (Stealth).
Your rubbery body absorbs attacks (AC +1).
One of your tentacles bears a large vicious spike.


Message History

The adder bites you.
You are poisoned.
The adder poisons you!
Your ball python closely misses the adder.
Your ball python barely misses the adder.
You closely miss the adder. Your grab misses the adder.
The adder is heavily wounded.
You feel sick. The adder misses you.
Your ball python bites the adder.
Your ball python barely misses the adder.
You miss the adder. Your grab misses the adder.
The adder is heavily wounded.
The adder completely misses you.
Your ball python bites the adder.
Your ball python closely misses the adder.
You miss the adder. You grab the adder.
The adder is severely wounded.
You constrict the adder.
You feel sick. The adder bites you.
* * * LOW HITPOINT WARNING * * *
Your ball python barely misses the adder.
The adder bites you.
You die...

..) . ..........
#.#..........#
#.#..........
#.#.#....... ##.#.#
..... #....# .S.
#.#..# #S#
######....## #@#
#..........###)# ..
#.###........^.##..#
#.# #..##..###.....#
#.# #..##..........#
#.# #..###.##.(.####
#.# #.............#
#.# #...........#..#
#.# ######.#.#.##..


You could see an adder and a friendly ball python.

Vanquished Creatures
  A gnoll (D:1)
  An adder (D:2)
  A giant gecko (D:1)
  4 bats (D:1)
  4 hobgoblins
  7 jackals
  A quokka (D:2)
  2 giant cockroaches (D:1)
  A giant newt (D:2)
  A goblin (D:1)
  6 kobolds
  2 rats
31 creatures vanquished.

Vanquished Creatures (collateral kills)
  2 adders (D:2)
2 creatures vanquished.

Grand Total: 33 creatures vanquished

Notes
Turn   | Place    | Note
--------------------------------------------------------------
     0 | D:1      | dvd, the Octopode Transmuter, began the quest for the Orb.
     0 | D:1      | Reached XP level 1. HP: 13/13 MP: 3/3
   229 | D:1      | Reached XP level 2. HP: 12/18 MP: 1/4
   750 | D:1      | Reached XP level 3. HP: 23/23 MP: 4/6
  1075 | D:1      | Learned a level 2 spell: Sticks to Snakes
  1632 | D:2      | Reached skill level 1 in Stealth
  1663 | D:2      | Reached XP level 4. HP: 15/28 MP: 6/8
  1928 | D:2      | Slain by an adder

Action                   |  1- 3 |  4- 6 || total
-------------------------+-------+-------++-------
Melee: Unarmed           |    76 |    15 ||    91
 Cast: Beastly Appendage |    16 |     3 ||    19
       Sticks to Snakes  |     2 |     3 ||     5
 Stab: Sleeping          |     2 |       ||     2
  Eat: Bread ration      |     1 |       ||     1
